 Dungeon Crawl Stone Soup version 0.31.0-12-g77e489cdc1 (webtiles) character file.

Game seed: 10082368644229078157

394 lordive the Insei (level 6, -2/38 HPs)
             Began as an Octopode Shapeshifter on Feb 29, 2024.
             Slain by Grinder (6 damage)
             ... while paralysed by Grinder
             ... on level 3 of the Dungeon.
             The game lasted 00:02:45 (2515 turns).

lordive the Insei (Octopode Shapeshifter)           Turns: 2515, Time: 00:02:46

Health: -2/38      AC:  1    Str: 13    XL:     6   Next: 82%
Magic:  6/6        EV:  2    Int: 12    God:
Gold:   177        SH:  0    Dex: 14    Spells: 5/5 levels left

rFire   . .          .
                       - Unarmed
rCold   . . .        (no shield)
rNeg    . . .        (helmet currently unavailable)
rPois   .            (no amulet)
rElec   .            (no ring)
rCorr   .            (no ring)
SInv    .            (no ring)
Will    .....        (no ring)
Stlth   ++           (no ring)
HPRegen 0.26/turn    (no ring)
MPRegen 0.10/turn    (no ring)
                     (no ring)

%: no passive effects
@: paralysed, beast-form
A: beast (slay +2), almost no armour, amphibious, 8 rings, camouflage 1,
gelatinous body 1, (nimble swimmer 1), tentacles
a: Begin Untransformation


You were on level 3 of the Dungeon.
You were a hulking beast.
You visited 1 branch of the dungeon, and saw 3 of its levels.

You collected 177 gold pieces.

Inventory:

Armour
 l - a +0 buckler
Jewellery
 d - a ring of flight
Talismans
 b - a beast talisman
 c - a flux talisman
Wands
 q - a wand of iceblast (8)
Scrolls
 f - 2 scrolls of teleportation {unknown}
 h - a scroll of identify {unknown}
 j - a scroll of blinking {unknown}
 k - a scroll of revelation {unknown}
Potions
 a - a potion of lignification
 e - a potion of attraction {unknown}
 g - 7 potions of enlightenment {unknown}
 i - a potion of might {unknown}
 m - a potion of cancellation {unknown}
 n - a potion of mutation {unknown}
 o - a potion of ambrosia {unknown}
 p - a potion of curing {unknown}


   Skills:
 + Level 1.4 Fighting
 + Level 2.9 Dodging
 + Level 5.3 Unarmed Combat
 * Level 5.0 Shapeshifting


You had 5 spell levels left.
You didn't know any spells.
Your spell library contained the following spells:

 Spells                   Type           Power      Damage    Failure   Level
 Lesser Beckoning         Tloc           0%         N/A       45%         2
 Gell's Gravitas          Tloc           0%         N/A       69%         3
 Teleport Other           Tloc           0%         N/A       69%         3
 Tukima's Dance           Hex            0%         N/A       69%         3
 Passage of Golubria      Tloc           0%         N/A       97%         4
 Yara's Violent Unravell  Hex/Alch       0%         3d3       100%        5


Dungeon Overview and Level Annotations

Branches:
Dungeon (3/15)

Altars:
Sif Muna
The Shining One

Annotations:
D:3 Grinder


Innate Abilities, Weirdness & Mutations

You are a hulking beast.
Your limbs bulge with bestial killing power. (Slay +2)
You cannot wear most types of armour.
You are amphibious.
You can wear up to eight rings at the same time.
Your skin changes colour to match your surroundings (Stealth+).
Your rubbery body absorbs attacks. (AC +1, EV +1)
((You are camouflaged when in or above water. (Stealth+)))
You have tentacles for arms and can constrict up to eight enemies at once.


Message History

No target in view!
No target in view!
No target in view!
No target in view!
No target in view!
No target in view!
No target in view!
Unknown command.
Found a stone staircase leading down.
Things that are here:
a scroll labelled QASHRE NIN TEYDAAD; a giant cockroach corpse Grinder blinks!
You tentacle-slap Grinder. You grab Grinder. You squeeze Grinder!
Grinder is moderately wounded.
You constrict Grinder. Grinder hits you!
You writhe in agony.
You completely miss Grinder.
Grinder is moderately wounded.
You constrict Grinder, but do no damage.
Grinder blinks free!
Grinder gestures at you. You resist with significant effort.
You tentacle-slap Grinder. You grab Grinder. You squeeze Grinder.
Grinder is heavily wounded.
You constrict Grinder. You tentacle-slap Grinder. You squeeze Grinder.
Grinder is severely wounded.
You constrict Grinder. Grinder gestures at you.
You suddenly lose the ability to move!
You lose your grip on Grinder.
Grinder hits you.
You writhe in agony.
Grinder hits you.
You writhe in agony.
Grinder hits you.
* * * LOW HITPOINT WARNING * * *
Grinder hits you.
* * * LOW HITPOINT WARNING * * *
You writhe in agony.
* * * LOW HITPOINT WARNING * * *
Grinder hits you.
You die...
Grinder says, "Now the real fun starts!"

.. .. #.. #. # #..
.###>.##### ####
.........##....
#...>.........
#..?...(...... #
#............. ##
#.....h5...... .#
#.........?... .#######
#.....?....... .......
#............. ......###
##............
........####........<...
......#...##.#.####.####
......###..#...# ..#
......# ##.##..# ##


You could see Grinder.

Vanquished Creatures
  Sigmund (D:2)
  A scorpion (D:2)
  An orc priest (D:2)
  Jessica (D:2)
  Ijyb (D:3)
  Robin (D:3)
  3 adders (D:2)
  A ribbon worm (D:2)
  4 orcs
  A ball python (D:1)
  3 endoplasms
  3 giant cockroaches
  14 goblins
  4 hobgoblins
  3 quokkas
  5 bats
  5 frilled lizards
  3 kobolds (D:1)
  6 rats
61 creatures vanquished.

Notes
Turn   | Place    | Note
-------+----------+-------------------------------------------
     0 | D:1      | lordive the Octopode Shapeshifter began the quest for the
                  | Orb.
     0 | D:1      | Reached XP level 1. HP: 13/13 MP: 1/1
   252 | D:1      | Reached XP level 2. HP: 18/18 MP: 2/2
   652 | D:1      | Reached XP level 3. HP: 18/23 MP: 3/3
  1068 | D:2      | Reached XP level 4. HP: 28/28 MP: 4/4
  1352 | D:2      | Noticed Jessica
  1356 | D:2      | Killed Jessica
  1416 | D:2      | Reached XP level 5. HP: 33/33 MP: 5/5
  1698 | D:2      | Noticed Sigmund
  1708 | D:2      | Killed Sigmund
  1709 | D:2      | Reached XP level 6. HP: 36/38 MP: 6/6
  1928 | D:3      | Noticed Robin
  2035 | D:2      | Reached skill level 5 in Unarmed Combat
  2121 | D:2      | Reached skill level 5 in Shapeshifting
  2218 | D:3      | Killed Robin
  2424 | D:3      | Found a shimmering blue altar of Sif Muna.
  2424 | D:3      | Found a glowing golden altar of the Shining One.
  2425 | D:3      | Noticed Ijyb
  2431 | D:3      | Killed Ijyb
  2497 | D:3      | Noticed Grinder
  2510 | D:3      | Paralysed by Grinder for 5 turns
  2515 | D:3      | Slain by Grinder

Illustrated notes

Levels and vault maps discovered:
D:1:      kilobyte_arrival_exit_the_forest, layout_loops_cross
D:2:      layout_basic, uniq_sigmund, uniq_jessica
D:3:      layout_rooms, chequers_temple_overflow_statue_of_worship,
          nicolae_figureground_sparkle, uniq_robin, uniq_grinder, uniq_ijyb,
          uniq_terence

Skill      XL: |  1  2  3  4  5  6 |
---------------+-------------------+-----
Shapeshifting  | 4 5 |  5.0
Unarmed Combat | 4 5 |  5.3
Fighting       | |  1.4
Dodging        | |  2.9

Action                     |  1- 3 |  4- 6 || total
---------------------------+-------+-------++-------
  Melee: Unarmed           |    42 |    74 ||   116
         Constrict         |     8 |    19 ||    27
         Punch             |     1 |     3 ||     4
         Tentacles         |     9 |    17 ||    26
   Stab: Sleeping          |     6 |     3 ||     9
 Armour: Skin              |     9 |    53 ||    62
  Dodge: Dodged            |    18 |    56 ||    74
